Kradschützen Motorcycle Team
Construct Light Support Kompanie
Selects L6/40 Light Tank Combat Group
L6/40 Light Tank Combat Group
Selects Defensive Operations
Selects Prepared Positions
Construct Mechanized Kompanie
Pak 38 Anti-tank Gun Team
Construct Panzerarmee Kommand
Flak 36 Anti-tank Gun Team
Selects Obice 305mm Barrage
Selects Towed Cannone da 105/28 Field Howitzer
Walking Stuka Rocket Launcher
L6/40 Light Tank Combat Group